 Dungeon Crawl Stone Soup version 0.31-a0-1376-g36f0627844 (webtiles) character file.

Game seed: 12768368013133207895

32058 Bnni the Geomancer (level 14, -12/111 HPs)
             Began as a Formicid Earth Elementalist on Dec 24, 2023.
             Was an Elder of Cheibriados.
             Mangled by a white ugly thing (39 damage)
             ... on level 15 of the Dungeon.
             The game lasted 00:44:12 (17602 turns).

Bnni the Geomancer (Formicid Earth Elementalist)   Turns: 17602, Time: 00:44:13

Health: -12/111    AC: 16    Str: 17    XL:     14   Next: 0%
Magic:  13/26      EV: 16    Int: 29    God:    Cheibriados [****..]
Gold:   964        SH: 15    Dex: 27    Spells: 15/29 levels left

rFire   . . .        Q - staff of earth
rCold   . . .        h - +0 kite shield
rNeg    . . .        t - +5 ring mail "Jetucokk" {Harm rPois Str-5 Dex+4}
rPois   +            (helmet unavailable)
rElec   .            U - +0 cloak
rCorr   .            s - +0 pair of gloves
SInv    +            u - +0 pair of boots
Will    +....        y - amulet of the acrobat
Stlth   ++           G - +5 ring of evasion
HPRegen 0.38/turn    (no ring)
MPRegen 0.20/turn

%: harm (+30% outgoing, +20% incoming), acrobat
@: studying 3 skills, very slow
A: permanent stasis, dig shafts and tunnels, antennae 3, four strong arms
a: Dig, Shaft Self, Renounce Religion, Bend Time, Temporal Distortion, Slouch


You were on level 15 of the Dungeon.
You worshipped Cheibriados.
Cheibriados was greatly pleased with you.
You visited 2 branches of the dungeon, and saw 15 of its levels.
You also visited: Sewer and Bailey.

You collected 964 gold pieces.

Inventory:

Hand Weapons
 n - a +1 dagger of venom
 A - the +10 mace "Beetleslayer" {heavy, +Blink rElec rCorr Stlth+}
   (You took it off an orc wizard on level 5 of the Dungeon)

   rElec:     It insulates you from electricity.
   +Blink:    It lets you blink.
   rCorr:     It protects you from acid and corrosion.
   Stlth+:    It makes you more stealthy.
Missiles
 p - 4 throwing nets
Armour
 h - a +0 kite shield (worn)
 s - a +0 pair of gloves (worn)
 t - the +5 ring mail "Jetucokk" (worn) {Harm rPois Str-5 Dex+4}
   (You found it on level 3 of the Dungeon)

   Str-5:     It affects your strength (-5).
   Dex+4:     It affects your dexterity (+4).
   rPois:     It protects you from poison Harm: It increases damage dealt and
   taken.
 u - a +0 pair of boots (worn)
 P - a +0 plate armour
 U - a +0 cloak (worn)
Magical Staves
 Q - a staff of earth (weapon)
Jewellery
 f - a ring of fire
 r - a ring of poison resistance
 y - an amulet of the acrobat (around neck)
 G - a +5 ring of evasion (left hand)
 H - a ring of willpower
 J - a ring of resist corrosion
 L - a ring of protection from cold
 M - a ring of protection from cold
Wands
 m - a wand of flame (1)
 q - a wand of paralysis (13)
 v - a wand of polymorph (4)
 R - a wand of roots (6)
Scrolls
 d - a scroll of torment {unknown}
 e - a scroll of amnesia {unknown}
 g - 2 scrolls of immolation {unknown}
 i - 4 scrolls of vulnerability
 j - 2 scrolls of silence {unknown}
 l - 4 scrolls of enchant armour
 o - 2 scrolls of fear {unknown}
 w - 3 scrolls of noise {unknown}
 B - 2 scrolls of blinking {unknown}
 I - 4 scrolls of enchant weapon
 K - a scroll of revelation
 O - 3 scrolls of summoning
 T - a scroll of fog
Potions
 a - a potion of invisibility {unknown}
 b - a potion of magic
 c - 4 potions of curing
 x - 2 potions of enlightenment
 z - a potion of berserk rage {unknown}
 C - 2 potions of might
 D - 4 potions of mutation
 E - a potion of ambrosia {unknown}
 F - 3 potions of attraction
 N - a potion of heal wounds
Miscellaneous
 k - a phantom mirror


   Skills:
 + Level 10.6 Fighting
 + Level 9.6 Armour
 - Level 1.7 Dodging
 - Level 2.4 Stealth
 + Level 12.3 Shields
 - Level 8.0 Spellcasting
 - Level 3.0 Conjurations
 + Level 14.6 Earth Magic
 - Level 2.0 Alchemy
 * Level 10.8 Invocations


You had 15 spell levels left.
You knew the following spells:

 Your Spells              Type           Power      Damage    Failure   Level
a - Sandblast             Erth           100%       2d20      1%          1
b - Passwall              Alch/Erth      61%        N/A       1%          2
c - Stone Arrow           Conj/Erth      100%       3d13      1%          3
d - Brom's Barrelling Bo  Conj/Erth      76%        2d9       3%          4
e - Petrify               Alch/Erth      74%        N/A       4%          4

Your spell library contained the following spells:

 Spells                   Type           Power      Damage    Failure   Level
 Ozocubu's Armour         Ice            11%        N/A       38%         3
 Volatile Blastmotes      Fire/Tloc      22%        2d11      38%         3
 Fulminant Prism          Conj/Alch      13%        3d9       45%         4
 Iskenderun's Mystic Bla  Conj/Tloc      20%        2d6       58%         4
 Metabolic Englaciation   Hex/Ice        5%         N/A       98%         5
 Simulacrum               Ice/Necr       5%         N/A       100%        6


Dungeon Overview and Level Annotations

Branches:
Dungeon (13/15)            Temple (1/1) D:4            Lair (0/5) D:9
    Orc (0/2) D:11          Sewer (visited)          Bailey (visited)
 Vaults: D:13-14

Altars:
Ashenzari
Cheibriados
Dithmenos
Elyvilon
Fedhas
Gozag
Hepliaklqana
Kikubaaqudgha
Makhleb
Nemelex Xobeh
Okawaru
Qazlal
Ru
Sif Muna
Trog
Uskayaw
Vehumet
Wu Jian
Xom
Yredelemnul
Zin
The Shining One

Shops:
D:9 (

Annotations:
D:7 3 runed translucent doors, paps's ghost, novice OpSh


Innate Abilities, Weirdness & Mutations

You cannot be hasted, slowed, berserked, paralysed or teleported.
You can dig through walls and to a lower floor.
You have a pair of large antennae on your head. (SInv)
Your four strong arms can wield two-handed weapons with a shield.


Message History

Aim: a cyan ugly thing (heavily wounded, 85% to hit)
You feel a surge of power!
The blast of sand hits the cyan ugly thing.
The cyan ugly thing is heavily wounded.
The cyan ugly thing stings you!
* * * LOW HITPOINT WARNING * * *
The cyan ugly thing shocks you!
* * * LOW HITPOINT WARNING * * *
You block the cyan ugly thing's attack.
You feel much better.
The purple ugly thing basks in the mutagenic energy from its kin and changes!
The cyan ugly thing completely misses you.
Press: ? - help, v - describe, . - travel, g - get item
Here: a cyan ugly thing (heavily wounded) Item here: an ugly thing corpse.
The floor.
Throw: 5 throwing nets
Press: ? - help, Shift-Dir - straight line, f/p - cyan ugly thing
Aim: a cyan ugly thing (heavily wounded, 68% to hit)
You throw a throwing net.
The throwing net hits the cyan ugly thing.
The cyan ugly thing is caught in the net!
The cyan ugly thing is heavily wounded.
The cyan ugly thing struggles against the net.
Aiming: Sandblast (safe; 1% risk of failure)
Press: ? - help, Q - select action, (/) - cycle Shift-Dir - straight line, f/p - cyan ugly thing
Aim: a cyan ugly thing (heavily wounded, entangled in a net, 100% to hit)
You feel a surge of power!
The blast of sand hits the cyan ugly thing!!
You kill the cyan ugly thing!
Cheibriados appreciates the change of pace.
You have reached level 14!
You're wearing all the rings you can.
Remove which one? (? for menu, Esc to cancel) < or
G - a +5 ring of evasion; > or
J - a ring of resist corrosion You remove your ring of resist corrosion.
The white ugly thing headbutts you.
* * * LOW HITPOINT WARNING * * *
The white ugly thing freezes you!!
You die...

.......## ..u..u.)..
.......$..#
..........# {
..........# ........u#
.......#.#
###...#.######.#
+.....uu@....#
#....####........#
##...## ##........#
.##....####.........#
#....#....##.........#
.....................#
.###.................#
#...................#
#...............)...#


You could see 2 ugly things.

Vanquished Creatures
  Gastronok (D:8)
  2 vault guards (D:13)
  Erolcha (D:13)
  2 hydras
  Erica (D:9)
  5 centaur warriors
  3 two-headed ogres
  A tengu warrior (D:9)
  A death knight (D:15)
  A deep elf knight (D:13)
  A deep elf archer (D:13)
  An arcanist (D:13)
  An orc knight (Bailey)
  Pikel (D:5)
  A wolf spider (D:13)
  2 cyclopes (D:13)
  6 ugly things
  The ghost of leebro123 the Digger, a novice GrEE (D:6)
  A gargoyle (D:13)
  Jeremiah (D:6)
  An unseen horror (D:13)
  2 freezing wraiths
  A kobold demonologist (D:11)
  Psyche (D:8)
  A tengu conjurer (D:13)
  A hornet (D:8)
  3 trolls
  A slime creature (D:9)
  3 shadows
  2 vampires
  16 yaks
  A wraith (D:9)
  4 wyverns
  A human (D:13)
  A warg (D:11)
  6 vampire mosquitoes
  Menkaure (D:6)
  A steam dragon (D:8)
  An acid dragon (D:12)
  6 water moccasins
  3 sky beasts
  3 ice beasts
  10 orc warriors
  4 black bears
  A crocodile (Sewer)
  3 wolves (D:9)
  2 ogres
  11 centaurs
  2 lemures (D:5)
  A phantom (D:6)
  4 kobold brigands
  A brain worm (Sewer)
  8 bullfrogs
  2 gnoll sergeants
  A scorpion (D:4)
  12 killer bees
  5 howler monkeys
  8 hounds
  2 bombardier beetles (D:4)
  A jelly (D:6)
  4 orc priests
  2 gnoll boudas
  3 iguanas
  2 sleepcaps
  Jessica (D:3)
  Natasha (D:2)
  15 orc wizards
  10 gnolls
  16 adders
  A shadow imp (D:6)
  2 white imps
  2 worms
  8 dart slugs
  48 orcs
  9 endoplasms
  7 giant cockroaches
  9 goblins
  7 hobgoblins
  8 jackals
  4 quokkas
  17 ball pythons
  12 bats
  3 frilled lizards
  32 kobolds
  4 rats
399 creatures vanquished.

Vanquished Creatures (collateral kills)
  11 boulders
11 creatures vanquished.

Vanquished Creatures (others)
  8 boulders
8 creatures vanquished.

Grand Total: 418 creatures vanquished

Notes
Turn   | Place    | Note
-------+----------+-------------------------------------------
     0 | D:1      | Bnni the Formicid Earth Elementalist began the quest for
                  | the Orb.
     0 | D:1      | Reached XP level 1. HP: 13/13 MP: 3/3
    82 | D:1      | Reached XP level 2. HP: 20/20 MP: 0/5
   224 | D:1      | Reached skill level 4 in Earth Magic
   319 | D:1      | Reached skill level 1 in Fighting
   319 | D:1      | Reached XP level 3. HP: 15/26 MP: 2/6
  1312 | D:2      | Reached XP level 4. HP: 24/32 MP: 2/8
  1790 | D:2      | Reached skill level 5 in Earth Magic
  1977 | D:2      | Noticed Natasha
  1983 | D:2      | Reached XP level 5. HP: 38/38 MP: 4/9
  1985 | D:2      | Killed Natasha
  2199 | D:2      | Reached skill level 1 in Conjurations
  2583 | D:3      | Noticed Jessica
  2592 | D:3      | Killed Jessica
  2593 | D:3      | Reached XP level 6. HP: 45/45 MP: 6/10
  2840 | D:3      | Identified the +5 ring mail "Jetucokk" {Harm rPois Str-5
                  | Dex+4}
  2949 | D:3      | Found a snail-covered altar of Cheibriados.
  3251 | D:3      | Learned a level 2 spell: Passwall
  3255 | D:3      | Learned a level 3 spell: Stone Arrow
  3460 | D:4      | Found a glowing drain.
  3526 | Sewer    | Entered a sewer
  3600 | Sewer    | Reached skill level 6 in Earth Magic
  3691 | Sewer    | Noticed a crocodile
  3701 | Sewer    | Killed a crocodile
  3702 | Sewer    | Reached XP level 7. HP: 51/51 MP: 5/12
  3966 | D:4      | Found a staircase to the Ecumenical Temple.
  3976 | Temple   | Entered the Ecumenical Temple
  4323 | D:4      | Reached skill level 7 in Earth Magic
  4711 | D:5      | Entered Level 5 of the Dungeon
  4714 | D:5      | Identified the +10 mace "Beetleslayer" {heavy, +Blink rElec
                  | rCorr Stlth+}
  4718 | D:4      | Reached XP level 8. HP: 56/59 MP: 10/14
  4819 | D:5      | Found a glowing silver altar of Zin.
  5031 | D:5      | Reached skill level 8 in Earth Magic
  5161 | D:5      | Reached skill level 1 in Armour
  5365 | D:5      | Reached skill level 5 in Spellcasting
  5585 | D:6      | Reached XP level 9. HP: 58/67 MP: 12/16
  5588 | D:6      | Reached skill level 5 in Fighting
  5588 | D:6      | Reached skill level 9 in Earth Magic
  5907 | D:6      | Noticed Jeremiah
  5926 | D:6      | You fall into a shaft and drop 1 floor!
  6030 | D:7      | Found a runed translucent gate.
  6031 | D:7      | Found a runed translucent gate.
  6033 | D:7      | Found a runed translucent gate.
  6034 | D:7      | Noticed paps's ghost (novice OpSh)
  6034 | D:7      | Noticed a gargoyle
  6056 | D:7      | Found a white marble altar of Elyvilon.
  6308 | D:6      | Found a runed translucent gate.
  6308 | D:6      | Found a runed translucent gate.
  6308 | D:6      | Found a runed translucent gate.
  6309 | D:6      | Found an opulent altar of Gozag.
  6368 | D:6      | Noticed Menkaure
  6372 | D:6      | Noticed Pikel
  6377 | D:6      | Killed Menkaure
  6378 | D:6      | Reached skill level 10 in Earth Magic
  6567 | D:5      | Killed Pikel
  6660 | D:6      | Killed Jeremiah
  6661 | D:6      | Reached XP level 10. HP: 75/77 MP: 15/19
  6681 | D:6      | Reached skill level 11 in Earth Magic
  6941 | D:6      | Noticed leebro123's ghost (novice GrEE)
  7034 | D:6      | Found a stormy altar of Qazlal.
  7136 | D:6      | Killed leebro123's ghost
  7138 | D:6      | Reached skill level 5 in Armour
  7437 | D:7      | Learned a level 4 spell: Brom's Barrelling Boulder
  7442 | D:7      | Learned a level 4 spell: Petrify
  7490 | D:7      | Reached skill level 1 in Shields
  8331 | D:8      | Noticed Psyche
  8336 | D:8      | Killed Psyche
  8337 | D:8      | Reached skill level 12 in Earth Magic
  8402 | D:8      | Reached XP level 11. HP: 70/84 MP: 7/21
  8617 | D:8      | Found an opulent altar of Gozag.
  8687 | D:8      | Noticed Gastronok
  8702 | D:8      | Killed Gastronok
  8703 | D:8      | Reached skill level 5 in Shields
  8875 | D:8      | Found a sparkling altar of Nemelex Xobeh.
  9039 | D:8      | Found a sacrificial altar of Ru.
  9227 | D:3      | Became a worshipper of Cheibriados the Contemplative
  9318 | D:9      | Noticed a four-headed hydra
  9471 | D:9      | Reached skill level 1 in Invocations
  9636 | D:9      | Reached * piety under Cheibriados
  9637 | D:9      | Noticed a tengu warrior
  9642 | D:9      | Reached skill level 13 in Earth Magic
  9827 | D:9      | Killed a tengu warrior
 10016 | D:9      | Found Najoliff's Antique Weapon Shop.
 10025 | D:9      | Reached XP level 12. HP: 68/94 MP: 19/24
 10207 | D:9      | Noticed Erica
 10215 | D:9      | Killed Erica
 10365 | D:9      | Reached ** piety under Cheibriados
 10414 | D:9      | Found a staircase to the Lair.
 10560 | D:9      | Reached skill level 5 in Invocations
 10753 | D:9      | Killed a one-headed hydra
 10822 | D:10     | Entered Level 10 of the Dungeon
 10832 | D:10     | Identified the +0 cloak of Inquiry {-Cast rElec rN++}
 10920 | D:10     | Found a flagged portal.
 10971 | Bailey   | Entered a bailey
 11300 | Bailey   | Reached *** piety under Cheibriados
 11315 | Bailey   | Acquired a staff of earth
 11579 | D:10     | Found a blossoming altar of Fedhas.
 11581 | D:10     | Noticed a two-headed ogre
 11592 | D:10     | Killed a two-headed ogre
 12339 | D:11     | Found a staircase to the Orcish Mines.
 12359 | D:11     | Reached **** piety under Cheibriados
 12868 | D:11     | Noticed a two-headed ogre
 12873 | D:11     | Killed a two-headed ogre
 12907 | D:11     | Found an iron altar of Okawaru.
 12981 | D:11     | Noticed Erolcha
 13867 | D:12     | Reached XP level 13. HP: 55/101 MP: 19/25
 13934 | D:12     | Reached ***** piety under Cheibriados
 14347 | D:12     | Reached skill level 10 in Shields
 14352 | D:12     | Reached skill level 14 in Earth Magic
 14493 | D:12     | Noticed a centaur warrior
 14495 | D:12     | Killed a centaur warrior
 14817 | D:13     | Killed Erolcha
 14818 | D:13     | Reached skill level 10 in Fighting
 14869 | D:13     | Noticed an eight-headed hydra
 14885 | D:13     | Killed an eight-headed hydra
 15033 | D:13     | Noticed a centaur warrior
 15044 | D:13     | Killed a centaur warrior
 15164 | D:13     | Found a white marble altar of Elyvilon.
 15178 | D:13     | Noticed a centaur warrior
 15178 | D:13     | Noticed a centaur warrior
 15179 | D:13     | Killed a centaur warrior
 15180 | D:13     | Killed a centaur warrior
 15340 | D:13     | Noticed a vault guard
 15630 | D:13     | Killed a vault guard
 15631 | D:13     | Reached skill level 10 in Invocations
 15827 | D:13     | Noticed a vault guard
 15976 | D:13     | Killed a vault guard
 16715 | D:13     | Noticed a vault guard
 16922 | D:13     | Noticed a centaur warrior
 16931 | D:13     | Killed a centaur warrior
 17268 | D:13     | Noticed a vault guard
 17268 | D:13     | Noticed a vault guard
 17280 | D:13     | You fall into a shaft and drop 2 floors!
 17280 | D:15     | Entered Level 15 of the Dungeon
 17598 | D:15     | HP: 5/104 [cyan ugly thing (18)]
 17602 | D:15     | Reached XP level 14. HP: 29/111 MP: 13/26
 17602 | D:15     | Mangled by a white ugly thing

Illustrated notes

Levels and vault maps discovered:
D:1:      dpeg_arrival_radiant, layout_basic, minmay_shallow_snake_nest
D:2:      layout_loops_ring, nicolae_houndstooth_variations, uniq_natasha
D:3:      layout_basic, general_overflow_altar, uniq_jessica
D:4:      layout_cave_pods, minmay_temple_entry_junction,
          mainiacjoe_sewer_entry_somewhere_in_here_1, st_stairs_7
D:5:      layout_rooms, mainiacjoe_overflow_small_starburst
D:6:      layout_gridville, nicolae_qazlal_style_of_elements,
          ebering_ghost_gozag, uniq_pikel, uniq_menkaure, uniq_jeremiah
D:7:      layout_loops_cross, mainiacjoe_overflow_boulevard,
          gammafunk_ghost_split, minmay_fractal_squares_diagonal_5
D:8:      layout_rooms, marbit_many_paths, old_standard_altar,
          mainiacjoe_overflow_brackets, kennysheep_generic_room_5, uniq_psyche,
          uniq_gastronok
D:9:      minmay_diamond_stairs, layout_grid_maze, minmay_lair_entry_grove,
          serial_shops, nicolae_shop_crystal, uniq_erica
D:10:     layout_irregular_city, fedhas_altar_3, enter_bailey_3
D:11:     layout_irregular_city, erik_orc_3, okawaru_trees_1, uniq_erolcha
D:12:     layout_loops_corners
D:13:     layout_long_grid, grunt_vaults_entry_fortified,
          nicolae_elyvilon_peaceful_grove
D:15:     grunt_enter_depths_snipers, layout_basic, corexii_corridor_pit,
          hellmonk_guarded_unrand_starlight
Temple:   minmay_temple_curvy_branch

Skill      XL: |  1  2  3  4  5  6  7  8  9 10 11 12 13 |
---------------+----------------------------------------+-----
Alchemy        | 2 |  2.0
Earth Magic    | 4 5 6 7 8 10 12 13 14 | 14.6
Fighting       | 1 2 3 4 6 7 8 9 10 | 10.6
Spellcasting   | 3 4 5 6 7 8 |  8.0
Conjurations   | 1 2 3 |  3.0
Armour         | 2 4 5 7 8 9 |  9.6
Shields        | 4 7 9 12 | 12.3
Invocations    | 3 8 10 | 10.8
Dodging        | |  1.7
Stealth        | |  2.4

Action                     |  1- 3 |  4- 6 |  7- 9 | 10-12 | 13-15 || total
---------------------------+-------+-------+-------+-------+-------++-------
  Melee: Unarmed           |    11 |       |       |       |       ||    11
         Whip              |    17 |       |       |       |       ||    17
         Dagger            |       |     4 |     6 |    41 |       ||    51
         Mace              |       |       |    11 |     2 |       ||    13
         Scimitar          |       |       |       |     4 |       ||     4
         Staff             |       |       |       |     1 |       ||     1
   Fire: Orcbow            |       |       |       |       |    78 ||    78
  Throw: Throwing net      |       |       |       |       |     1 ||     1
   Cast: Sandblast         |    34 |   106 |   157 |   360 |    90 ||   747
         Passwall          |       |       |     3 |     2 |       ||     5
         Brom's Barrelling |       |       |       |    13 |    15 ||    28
         Stone Arrow       |       |       |       |     8 |    26 ||    34
         Petrify           |       |       |       |     9 |     2 ||    11
 Invoke: Slouch            |       |       |       |       |     2 ||     2
         Bend Time         |       |       |       |       |     1 ||     1
Ability: Shaft Self        |       |       |     1 |       |     1 ||     2
         Dig               |       |       |       |     1 |       ||     1
  Evoke: Wand              |       |     1 |       |       |     2 ||     3
    Use: Scroll            |       |       |     1 |    12 |     2 ||    15
         Potion            |       |       |       |     1 |     2 ||     3
   Stab: Sleeping          |       |       |     2 |       |       ||     2
         Petrified         |       |       |       |    18 |       ||    18
 Armour: Robe              |    24 |    26 |    85 |    39 |       ||   174
         Ring mail         |       |       |       |   200 |    51 ||   251
  Dodge: Dodged            |    44 |    33 |    97 |   187 |    56 ||   417
  Block: Kite shield       |       |       |       |   219 |    66 ||   285

Table legend: (Time is in decaauts)
 A = Elapsed time spent in this place.
 B = Non-inter-level travel time spent in this place.
 C = Inter-level travel time spent in this place.
 D = Time resting spent in this place.
 E = Time spent auto-exploring this place.
 F = Levels seen in this place.
 G = Mean time per level.
                   A        B        C        D        E       F      G
               +--------+--------+--------+--------+--------+-----+--------+
         Total |  20159 |  19407 |    752 |   3207 |  12478 |  17 | 1185.8 |
       Dungeon |  19461 |  18709 |    752 |   3065 |  12310 |  14 | 1390.1 |
        Temple |      1 |      1 |      0 |      0 |      0 |   1 |    1.0 |
         Sewer |    257 |    257 |      0 |      0 |    168 |   1 |  257.0 |
        Bailey |    439 |    439 |      0 |    142 |      0 |   1 |  439.0 |
               +--------+--------+--------+--------+--------+-----+--------+

Top non-repeatable levels by time:
    D:13: 2891 daAuts
    D:12: 2004 daAuts
    D:11: 1683 daAuts
     D:9: 1535 daAuts
     D:6: 1485 daAuts
    D:10: 1371 daAuts
     D:1: 1266 daAuts
     D:8: 1223 daAuts
     D:7: 1222 daAuts
     D:3: 1201 daAuts
     D:4: 1112 daAuts
     D:2: 1094 daAuts
     D:5: 999 daAuts
  Bailey: 439 daAuts
    D:15: 370 daAuts
